 Dungeon Sprint DCSS version 0.27.1-1-g398f81649c (webtiles) character file.

Game seed: 18181944951679947655

41 ugugthedestroyer the Skirmisher (level 3, -11/37 HPs)
             Began as a Draconian Abyssal Knight on Sept 7, 2021.
             Was a Priest of Lugonu.
             Mangled by an ogre (21 damage)
             ... in the Dungeon (Sprint IX: "|||||||||||||||||||||||||||||").
             The game lasted 00:00:29 (151 turns).

ugugthedestroyer the Skirmisher (DrAK)               Turns: 151, Time: 00:00:29

Health: -11/37     AC:  5    Str: 15    XL:     3   Next: 32%
Magic:  4/5        EV: 12    Int: 12    God:    Lugonu [***...]
Gold:   0          SH:  0    Dex: 10    Spells: 2/2 levels left

rFire    . . .     SeeInvis .   a - +1 falchion
rCold    . . .     Faith    .   (no shield)
rNeg     . . .     Spirit   .   (armour unavailable)
rPois    .         Reflect  .   (helmet restricted)
rElec    .         Harm     .   (no cloak)
rCorr    .         Rampage  .   (no gloves)
Will     .....     NoTele   +   (no boots)
Stlth    +.........             (no amulet)
HPRegen  0.12/turn              (no ring)
MPRegen  0.09/turn              (no ring)

@: on berserk cooldown, hasted and slowed
A: AC +5, unfitting armour, cold-blooded
a: Renounce Religion, Bend Space, Banish


You were in the Dungeon.
You worshipped Lugonu.
Lugonu was most pleased with you.
You visited 1 branch

Inventory:

Hand Weapons
 a - a +1 falchion (weapon)
Scrolls
 g - a scroll of blinking
Potions
 c - a potion of heal wounds
 e - 2 potions of magic


   Skills:
 + Level 6.0 Fighting
 + Level 3.7 Long Blades
 + Level 3.3 Dodging
 * Level 2.8 Invocations


You had 2 spell levels left.
You didn't know any spells.
Your spell library was empty.

Dungeon Overview and Level Annotations

Branches:
Dungeon (1/1)

Altars:


Innate Abilities, Weirdness & Mutations

Your plain brown scales are hard. (AC +5)
You cannot fit into any form of body armour.
You are cold-blooded and may be slowed by cold attacks.


Message History

The adder bites you.
Unknown command.
You feel better. The adder closely misses you.
You riposte.
You hit the adder.
The adder is heavily wounded.
You hit the adder but do no damage.
The adder is heavily wounded.
The adder barely misses you.
You riposte.
You hit the adder.
The adder is heavily wounded.
The adder barely misses you.
You riposte.
You barely miss the adder. You tail-slap the adder.
The adder is almost dead.
The adder closely misses you.
You hit the adder.
You kill the adder!
Lugonu accepts your kill.
You can now banish your foes.
Your Fighting skill increases to level 6!
Unknown command.
Unknown command.
You feel yourself speed up.
The ogre hits you with a +0 giant spiked club!
The ogre closely misses you.
You hit the ogre.
The ogre is lightly wounded.
You hit the ogre.
The ogre is moderately wounded.
The ogre barely misses you.
You barely miss the ogre. You tail-slap the ogre.
The ogre is heavily wounded.
The ogre closely misses you.
You riposte.
You closely miss the ogre. You tail-slap the ogre.
The ogre is severely wounded.
You hit the ogre.
The ogre is severely wounded.
The ogre hits you with a +0 giant spiked club!
* * * LOW HITPOINT WARNING * * *
You hit the ogre.
The ogre is severely wounded.
The ogre hits you with a +0 giant spiked club!!
Ouch! That really hurt!
You die... ▓▓▓▓▓▓▓▓▓▓▓▓▓▓▓▓▓▓ +...ZhO@...†)...<▓ ▓▓▓▓▓▓▓▓▓▓▓▓▓▓▓▓▓▓

You could see a black bear, an ogre and a giant cockroach zombie.

Vanquished Creatures
  An iguana (D)
  An adder (D)
  A bat (D)
  An endoplasm (D)
  A goblin (D)
  A quokka (D)
  A kobold (D)
7 creatures vanquished.

Notes
Turn   | Place    | Note
-------+----------+-------------------------------------------
     0 | D        | ugugthedestroyer the Draconian Abyssal Knight began the
                  | quest for the Orb.
     0 | D        | Reached XP level 1. HP: 19/19 MP: 2/2
     7 | D        | Reached ** piety under Lugonu
     8 | D        | Reached skill level 4 in Fighting
   124 | D        | Noticed a black bear
   124 | D        | Noticed an ogre
   124 | D        | Noticed an iguana
   130 | D        | Killed an iguana
   131 | D        | Reached skill level 5 in Fighting
   131 | D        | Reached XP level 2. HP: 30/30 MP: 3/3
   131 | D        | Reached XP level 3. HP: 37/37 MP: 4/4
   145 | D        | Reached *** piety under Lugonu
   146 | D        | Reached skill level 6 in Fighting
   151 | D        | Mangled by an ogre

Illustrated notes

Levels and vault maps discovered:
D:        linesprint [early_d, line_temple, items_1, d_10, items_2, lair_1,
          lair_end, items_3, orc_1, orc_end, items_4, d_15, swamp_1, shoals_1,
          snake_1, spider_1, d_20, vaults_1, items_5, swamp_end, shoals_end,
          snake_end, spider_end, vaults_end, d_27, items_6, zot_1, zot_end,
          crypt_end, forest_end, elf_end, slime_end, tomb_end, abyss_end,
          pan_hell_end]

Skill      XL: |  1  2  3 |
---------------+----------+-----
Fighting       | 5 6 |  6.0
Long Blades    | 3 |  3.7
Dodging        | 3 |  3.3
Invocations    | |  2.8

Action                   || total
-------------------------++-------
Melee: Falchion          ||    43
       Tailslap          ||     4
  Use: Potion            ||     3
Armor: Skin              ||    16
Dodge: Dodged            ||    29
       Rpst.: Falchion   ||    10
